 Dungeon Crawl Stone Soup version 0.31-a0-355-g57cb03d3e8 (webtiles) character file.

Game seed: 1170816470487700570

106 hashsling the Shooter (level 4, -2/25 HPs)
             Began as a Deep Elf Hexslinger on July 25, 2023.
             Succumbed to a hobgoblin's curare-tipped dart
             ... on level 2 of the Dungeon.
             The game lasted 00:05:04 (1594 turns).

hashsling the Shooter (Deep Elf Hexslinger)         Turns: 1594, Time: 00:05:04

Health: -2/25      AC:  7    Str:  5    XL:     4   Next: 55%
Magic:  8/9        EV: 14    Int: 18    God:
Gold:   62         SH:  0    Dex: 19    Spells: 6/7 levels left

rFire   . . .        a - +1 sling
rCold   . . .        (no shield)
rNeg    . . .        c - +0 robe
rPois   .            h - +0 helmet
rElec   .            (no cloak)
rCorr   .            (no gloves)
SInv    +            (no boots)
Will    +....        (no amulet)
Stlth   ++           m - +4 ring of protection
HPRegen 0.24/turn    k - ring of see invisible
MPRegen 0.11/turn

%: no passive effects
@: lethally poisoned (-2 -> -21), slowed, very slow
A: strong-willed 1, no potion heal 1, inability to drink after injury 1
a: no special abilities


You were on level 2 of the Dungeon.
You visited 1 branch of the dungeon, and saw 2 of its levels.

You collected 62 gold pieces.

Inventory:

Hand Weapons
 a - a +1 sling (weapon)
Armour
 c - a +0 robe (worn)
 h - a +0 helmet (worn)
Jewellery
 k - a ring of see invisible (right hand)
 m - a +4 ring of protection (left hand)
Scrolls
 b - 2 scrolls of poison
 e - 2 scrolls of amnesia {unknown}
 g - 2 scrolls of identify {unknown}
 j - a scroll of fog {unknown}
 l - a scroll of enchant armour {unknown}
Potions
 d - a potion of mutation
 f - a potion of curing {unknown}
 i - a potion of attraction {unknown}


   Skills:
 - Level 1.0 Fighting
 * Level 5.3 Ranged Weapons
 + Level 3.8 Dodging
 - Level 2.0 Spellcasting
 - Level 4.0 Hexes


You had 6 spell levels left.
You knew the following spells:

 Your Spells              Type           Power      Damage    Failure   Level
a - Slow                  Hex            64%        N/A       3%          1

Your spell library contained the following spells:

 Spells                   Type           Power      Damage    Failure   Level
 Ensorcelled Hibernation  Hex/Ice        18%        N/A       12%         2
 Sting                    Tmut/Pois      4%         1d3       19%         1
 Inner Flame              Hex/Fire       9%         N/A       24%         3
 Portal Projectile        Hex/Tloc       18%        N/A       24%         3
 Poisonous Vapours        Pois/Air       2%         N/A       26%         2
 Cause Fear               Hex            8%         N/A       34%         4
 Anguish                  Hex/Necr       4%         N/A       61%         4
 Olgreb's Toxic Radiance  Pois           1%         N/A       87%         4


Dungeon Overview and Level Annotations

Branches:
Dungeon (2/15)

Altars:


Innate Abilities, Weirdness & Mutations

You are strong-willed. (Will+)
Potions are less effective at restoring your health.
You occasionally lose the ability to drink potions when taking damage.


Message History

There is an open door here.
A goblin comes into view. It is wielding a +0 club.
You shoot a sling bullet.
The sling bullet closely misses the goblin.
You shoot a sling bullet. The sling bullet hits the goblin.
You kill the goblin!
You see here 5 boomerangs.
There is an open door here.
A hobgoblin comes into view. It is quivering curare-tipped darts.
The hobgoblin shouts!
You shoot a sling bullet. The sling bullet hits the hobgoblin.
The hobgoblin is moderately wounded.
You shoot a sling bullet.
The sling bullet barely misses the hobgoblin.
The hobgoblin throws a curare-tipped dart.
The curare-tipped dart hits you.
You are poisoned.
You have difficulty breathing.
You feel yourself slow down.
You shoot a sling bullet.
The sling bullet closely misses the hobgoblin.
You feel very sick.
The hobgoblin throws a curare-tipped dart.
The curare-tipped dart barely misses you.
You are too injured to fight recklessly!
Aiming: Slow (safe; 3% risk of failure)
Press: ? - help, Q - select action, (/) - cycle Shift-Dir - straight line, f/p - hobgoblin
Aim: a hobgoblin, quivering curare-tipped darts (moderately wounded, chance to affect: 67%)
The hobgoblin struggles to resist.
You feel very sick.
The hobgoblin throws a curare-tipped dart.
The curare-tipped dart hits you.
You are lethally poisoned!
You have difficulty breathing.
* * * LOW HITPOINT WARNING * * *
You feel as though you will be slow longer.
It was a potion of mutation.
You feel extremely strange.
You occasionally lose the ability to drink potions when taking damage.
Your system partially rejects the healing effects of potions.
You feel strong-willed.
You die...

####### #......#
#.....#####......#
#................#
#................#
####.....(.......#
#........)##'#### #.........##.#
#.........##.###################
#...<.....##>..@..g.............
#......#.#######################
#......#.##........^............
#......#.##.....####....#...##..
#......#.##...### #....#...###.
#......#.##..#######....##..###.
#......#.##..##........###......
##.#'#.#.##.###....#...# ##.....
###.#.#.#.##.# #....#...# ###...


You could see a hobgoblin.

Vanquished Creatures
  4 adders (D:2)
  3 worms (D:2)
  5 dart slugs
  3 endoplasms (D:1)
  5 giant cockroaches
  4 goblins
  5 hobgoblins (D:1)
  4 quokkas
  5 ball pythons
  3 bats
  4 frilled lizards
  2 kobolds
  5 rats
52 creatures vanquished.

Notes
Turn   | Place    | Note
-------+----------+-------------------------------------------
     0 | D:1      | hashsling the Deep Elf Hexslinger began the quest for the
                  | Orb.
     0 | D:1      | Reached XP level 1. HP: 11/11 MP: 5/5
   109 | D:1      | Reached skill level 3 in Ranged Weapons
   113 | D:1      | Reached skill level 1 in Fighting
   113 | D:1      | Reached XP level 2. HP: 12/16 MP: 6/6
   798 | D:1      | Reached skill level 4 in Ranged Weapons
   798 | D:1      | Reached XP level 3. HP: 20/20 MP: 8/8
  1311 | D:2      | Reached XP level 4. HP: 16/25 MP: 7/9
  1312 | D:2      | Reached skill level 5 in Ranged Weapons
  1594 | D:2      | Gained mutation: You occasionally lose the ability to drink
                  | potions when taking damage. [potion of mutation]
  1594 | D:2      | Gained mutation: Potions are less effective at restoring
                  | your health. [potion of mutation]
  1594 | D:2      | Gained mutation: You are strong-willed. (Will+) [potion of
                  | mutation]
  1594 | D:2      | Succumbed to a hobgoblin's curare-tipped dart

Illustrated notes

Levels and vault maps discovered:
D:1:      amcnicky_arrival_underground_garden, layout_basic, serial_park_tiny_1,
          minmay_misc_feat_plants, supply_closet_lemuel, patterned_corridor
D:2:      minmay_recursive_quarters, layout_basic, kennysheep_generic_room_2

Skill      XL: |  1  2  3  4 |
---------------+-------------+-----
Ranged Weapons | 3 4 5 |  5.3
Fighting       | 1 |  1.0
Spellcasting   | 2 |  2.0
Dodging        | 3 |  3.8
Hexes          | |  4.0

Action                     |  1- 3 |  4- 6 || total
---------------------------+-------+-------++-------
   Fire: Sling             |   110 |    35 ||   145
   Cast: Slow              |     8 |     2 ||    10
    Use: Potion            |       |     1 ||     1
 Armour: Robe              |     7 |     1 ||     8
  Dodge: Dodged            |    26 |     9 ||    35

Table legend: (Time is in decaauts)
 A = Elapsed time spent in this place.
 B = Non-inter-level travel time spent in this place.
 C = Inter-level travel time spent in this place.
 D = Time resting spent in this place.
 E = Time spent auto-exploring this place.
 F = Levels seen in this place.
 G = Mean time per level.
                   A        B        C        D        E       F      G
               +--------+--------+--------+--------+--------+-----+--------+
         Total |   1622 |   1562 |     60 |      0 |   1246 |   2 |  811.0 |
       Dungeon |   1622 |   1562 |     60 |      0 |   1246 |   2 |  811.0 |
               +--------+--------+--------+--------+--------+-----+--------+

Top non-repeatable levels by time:
     D:1: 1056 daAuts
     D:2: 565 daAuts
